AoeStats
← SeemsFishy

Black Forest

507314048Analyzed
4v4 RM · 14d ago on Sep 17, 2026· 41m 51s· 8 players
Game mode
Random Map
Map size
Large (8 player)
Population
200
Speed
Normal
Resources
Standard
Victory
Conquest
Starting age
Dark Age
Ending age
Imperial Age
RankedLock teamsTeams togetherTeam positionsShared explorationLock speedFull tech treeHidden civsTurbo modeCheats
Victory
Defeat
🇭🇰 Jurchens · Hong Kong SAR China
1407
+14
🇨🇭 Britons · Switzerland
1396
+14
🇬🇧 Khmer · United Kingdom
1384
+15
🇫🇮 Persians · Finland
1346
+16
🇦🇷 Ethiopians · Argentina
1404
-16
🇦🇷 Maya · Argentina
1383
-16
🇧🇷 Romans · Brazil
1333
-14
🇨🇴 Lithuanians · Colombia
1323
-13
JairoElChigüi
0:37 Loom
13:13 Feudal Age
18:22 Castle Age
17:07 Double-Bit Axe
17:23 Horse Collar
19:12 Wheelbarrow
19:16 Bow Saw
21:18 Heavy Plow
25:18 Gold Mining
27:41 Hand Cart
27:29 Stone Mining
32:45 Imperial Age
31:11 Fervor
31:21 Sanctity
31:14 Scale Barding Armor
31:19 Forging
31:56 Atonement
32:17 Chain Barding Armor
32:08 Forging
32:04 Husbandry
32:14 Bloodlines
34:16 Plate Barding Armor
33:05 Cavalier
34:08 Conscription
34:32 Iron Casting
34:31 Paladin
35:59 Hoardings
36:47 Two-Man Saw
36:52 Fletching
38:03 Chemistry
37:24 Ballistics
37:15 Fortified Wall
37:00 Murder Holes
37:13 Hill Forts
38:47 Block Printing
39:00 Illumination
39:16 Bodkin Arrow
40:06 Bracer
42:07 Masonry
DGHIR | Miloss
0:30 Loom
12:24 Feudal Age
14:02 Double-Bit Axe
16:25 Castle Age
14:42 Town Watch
15:31 Stone Mining
17:04 Wheelbarrow
19:23 Gold Mining
20:08 Stone Shaft Mining
22:09 Horse Collar
28:13 Hand Cart
28:51 Fletching
29:02 Padded Archer Armor
29:25 Heavy Plow
29:41 Bow Saw
34:07 Imperial Age
33:01 Leather Archer Armor
32:41 Bodkin Arrow
34:18 Hul'che Javelineers
33:45 Elite Skirmisher
34:51 Thumb Ring
35:32 Ring Archer Armor
35:02 Bracer
35:26 Squires
36:25 Conscription
36:08 Pikeman
36:41 Halberdier
37:47 Scale Mail Armor
37:57 Forging
39:27 Chain Mail Armor
40:40 Ballistics
Tostadora Industrial
8:50 Loom
11:13 Feudal Age
13:08 Double-Bit Axe
15:36 Castle Age
13:20 Horse Collar
16:31 Bow Saw
22:11 Heavy Plow
24:30 Wheelbarrow
24:03 Gold Mining
24:03 Stone Mining
25:54 Hand Cart
25:31 Town Watch
26:42 Forging
26:33 Scale Mail Armor
28:27 Iron Casting
30:24 Imperial Age
28:18 Squires
28:04 Arson
28:36 Chain Mail Armor
30:34 Onager
30:36 Halberdier
31:49 Plate Mail Armor
32:20 Blast Furnace
31:26 Caravan
32:51 Gold Shaft Mining
32:51 Stone Shaft Mining
32:12 Siege Onager
37:08 Chemistry
36:29 Ballistics
41:32 Padded Archer Armor
MAZZUCCO
11:57 Feudal Age
13:48 Loom
14:01 Double-Bit Axe
16:44 Castle Age
14:48 Double-Bit Axe
15:10 Horse Collar
16:17 Fishing Lines
17:35 Gillnets
18:39 Wheelbarrow
24:05 Hand Cart
24:37 Bow Saw
24:22 Gold Mining
29:36 Imperial Age
28:06 Scale Mail Armor
28:16 Forging
29:32 Chain Mail Armor
29:35 Squires
28:55 Man-at-Arms
30:04 Ballistics
29:50 Caravan
30:56 Iron Casting
29:45 Long Swordsman
30:26 Capped Ram
32:01 Heavy Plow
32:36 Gold Shaft Mining
31:54 Stone Mining
31:37 Legionary
33:50 Blast Furnace
33:33 Conscription
33:43 Ballistas
34:39 Heavy Scorpion
35:59 Crop Rotation
36:43 Pikeman
37:08 Siege Ram
38:10 Halberdier
41:31 Chemistry
41:27 Siege Engineers
7777777
11:19 Feudal Age
12:57 Loom
15:48 Castle Age
14:24 Horse Collar
15:07 Double-Bit Axe
18:44 Gold Mining
19:22 Fishing Lines
20:56 Bow Saw
22:01 Stone Mining
23:00 Gillnets
24:44 Wheelbarrow
25:20 Stone Shaft Mining
25:45 Heavy Plow
26:40 Gold Shaft Mining
28:24 Hand Cart
31:56 Imperial Age
30:14 Scale Barding Armor
30:20 Forging
30:02 Fletching
30:03 Town Watch
31:43 Chain Barding Armor
31:33 Elite War Elephant
32:34 Conscription
33:10 Caravan
34:52 Iron Casting
36:10 Plate Barding Armor
40:57 Two-Man Saw
40:29 Crop Rotation
41:03 Blast Furnace
40:41 Bloodlines
40:31 Husbandry
SeemsFishy
7:29 Loom
11:24 Feudal Age
15:07 Castle Age
13:42 Double-Bit Axe
16:25 Bow Saw
17:28 Horse Collar
21:52 Heavy Plow
22:37 Wheelbarrow
22:30 Stone Mining
22:39 Gold Mining
24:34 Gold Shaft Mining
24:18 Bloodlines
24:08 Husbandry
26:06 Stone Shaft Mining
25:50 Hand Cart
29:40 Imperial Age
27:32 Scale Barding Armor
28:52 Chain Barding Armor
28:43 Forging
31:05 Plate Barding Armor
31:12 Cavalier
32:33 Iron Casting
31:43 Elite Battle Elephant
33:29 Conscription
35:04 Tusk Swords
35:47 Caravan
crazy ant
1:00 Loom
14:03 Feudal Age
15:18 Double-Bit Axe
19:38 Castle Age
18:15 Fishing Lines
20:37 Bow Saw
21:03 Wheelbarrow
20:44 Gillnets
24:49 Town Watch
27:34 Hand Cart
29:27 Gold Mining
29:27 Stone Mining
32:36 Imperial Age
31:10 Coinage
31:07 Ballistics
30:57 Siege Engineers
31:19 Padded Archer Armor
31:30 Horse Collar
32:42 Gold Shaft Mining
32:42 Stone Shaft Mining
32:25 Leather Archer Armor
31:58 Treadmill Crane
33:53 Ring Archer Armor
34:25 Chemistry
34:06 Conscription
35:23 Guilds
36:20 Thunderclap Bombs
36:35 Caravan
37:01 Heavy Plow
37:21 Heavy Rocket Cart
38:34 Scale Mail Armor
38:44 Forging
38:25 Pikeman
39:06 Squires
39:40 Chain Mail Armor
39:57 Banking
40:05 Halberdier
41:10 Gambesons
43:05 Iron Casting
koebi
0:50 Loom
12:25 Feudal Age
16:34 Castle Age
14:43 Double-Bit Axe
14:40 Fishing Lines
17:37 Bow Saw
17:19 Gillnets
17:48 Horse Collar
22:35 Wheelbarrow
22:28 Stone Mining
22:47 Heavy Plow
23:20 Fletching
23:49 Stone Mining
24:20 Gold Mining
29:03 Imperial Age
27:29 Hand Cart
28:31 Ballistics
28:17 Bodkin Arrow
29:00 Padded Archer Armor
29:14 Masonry
29:49 Bracer
30:51 Chemistry
30:56 Two-Man Saw
30:32 Gold Shaft Mining
31:09 Conscription
31:46 Warwolf
32:05 Leather Archer Armor
31:55 Caravan
32:04 Elite Longbowman
33:49 Ring Archer Armor
33:01 Treadmill Crane
33:53 Guilds
35:08 Yeomen
35:51 Siege Engineers
36:03 Guard Tower
37:56 Keep
37:07 Arrowslits
40:46 Coinage
40:57 Town Watch
41:14 Scale Mail Armor
41:24 Forging
41:47 Architecture
41:13 Murder Holes
Connection lost

Rejoining the realm…

Still unreachable

The connection could not be restored.

Session expired

The server has moved on; the page needs a fresh start.